[Event "Early-Titled-Tuesday-Blitz-May-14-2024"]
[Site "Chess.com"]
[Date "2024.05.14"]
[Round "10"]
[White "tarno17"]
[Black "Denisenko_Denis"]
[Result "1-0"]
[WhiteElo "2201"]
[BlackElo "2405"]
[TimeControl "180+1"]
[EndTime "9:58:04 PDT"]
[Termination "tarno17 won by checkmate"]

1. e4 e5 2. Nf3 Nf6 3. Nxe5 Nxe4 4. d3 Nf6 5. d4 d5 6. Bd3 Bd6 7. O-O O-O 8. Bg5 c6 9. Nc3 Nbd7 10. Re1 h6 11. Bh4 Re8 12. Bg3 Qc7 13. f4 b5 14.
Ne2 Ne4 15. Bxe4 dxe4 16. Nc3 f5 17. d5 Nxe5 18. fxe5 Bxe5 19. Bxe5 Rxe5 20. dxc6 Be6 21. Qd4 Rd8 22. Qe3 Qxc6 23. Qxa7 b4 24. Ne2 Qxc2 25.
Rac1 Qxb2 26. Qe7 Rd7 27. Rc8+ Kh7 28. Qf8 Qd2 29. Rcc1 Qe3+ 30. Kh1 Rd2 31. Ng3 Qf2 32. Rg1 e3 33. Nh5 Rd7 34. Rc8 e2 35. Qh8+ Kg6 36. Qe8+ Kg5 37. Ng3 Rd1 38. h4+ Kf4 39. Nh5+ Kg4 40.
Qg6+ Kxh4 41. Rc4+ Re4 42. g3+ Kh3 43. Nf4+ Rxf4 44.
Qh5+ Rh4 45. Qxh4# 1-0

[Event "Early-Titled-Tuesday-Blitz-May-14-2024"]
[Site "Chess.com"]
[Date "2024.05.14"]
[Round "10"]
[White "SirGerhard"]
[Black "Artem_Koval"]
[Result "0-1"]
[WhiteElo "2707"]
[BlackElo "2582"]
[TimeControl "180+1"]
[EndTime "9:58:05 PDT"]
[Termination "Artem_Koval won by checkmate"]

1. g3 e5 2. Bg2 d5 3. c3 Nf6 4. d4 exd4 5. cxd4 c6 6. Nc3 Bf5 7. Nf3 Bd6 8. O-O O-O 9. Nh4 Bc8 10. Qc2 Re8 11. f3 Qb6 12. e3 g6 13. Kh1 Nbd7 14. Qf2 c5 15. Na4 Qa5 16. Nxc5 Nxc5 17. dxc5 Bxc5 18.
Bd2 Qb6 19. b4 Bxe3 20. Bxe3 Qxe3 21. Qb2 d4 22. f4 Bg4 23. Nf3 Bxf3 24. Bxf3 Ne4 25.
Rae1 Qd3 26. Rd1 Qc3 27. Qg2 f5 28. Rfe1 Nf6 29. Rxe8+ Rxe8 30. Bxb7 d3 31. Ba6 Re1+ 32. Rxe1 Qxe1+ 33. Qg1 d2 34. Bc4+ Kg7 35. Bb3 Ne4 36.
Kg2 Qe2+ 37. Kh3 Qh5+ 38. Kg2 Qe2+ 39. Kh3 Nf2+ 40. Kg2 Ng4+ 41. Kh3 Nf2+ 42. Kg2 Nd3+ 43. Kh3 Qg4+ 44. Kg2 Nxf4+ 45. Kf2 Qe2# 0-1

[Event "Early-Titled-Tuesday-Blitz-May-14-2024"]
[Site "Chess.com"]
[Date "2024.05.14"]
[Round "10"]
[White "alvarorodriguezavila"]
[Black "AttilaTurzo"]
[Result "0-1"]
[WhiteElo "2316"]
[BlackElo "2464"]
[TimeControl "180+1"]
[EndTime "9:58:07 PDT"]
[Termination "AttilaTurzo won on time"]

1. e4 c5 2. d4 cxd4 3. c3 Nf6 4. e5 Nd5 5. Nf3 d6 6. Bc4 Nb6 7. Bb3 dxe5 8. Nxe5 e6 9. cxd4 Nc6 10. Nxc6 bxc6 11. O-O Be7 12. Qf3 Nd5 13. Nd2 O-O 14. Ne4 a5 15. a3 a4 16. Ba2 Ba6 17. Rd1 Rb8 18. Nc5 Bxc5 19. dxc5 Qf6 20. Qxf6 Nxf6 21. f3 Nd5 22.
Rd4 Bb5 23. Bd2 Rbd8 24. Rd1 Rd7 25. Bc1 Rfd8 26. Kf2 Kf8 27. Bg5 f6 28. Bc1 Ke7 29.
Bb1 g6 30. Be4 e5 31. R4d2 Ke6 32. Bb1 Nf4 33. Ba2+ Nd5 34. Re1 Ke7 35. Red1 Ke6 36. h4 h5 37. Bb1 f5 38. Ba2 f4 39. Bb1 Ne7 40. Rxd7 Rxd7 41. Rxd7 Kxd7 42. g3 fxg3+ 43.
Kxg3 Nf5+ 44. Bxf5+ gxf5 45. f4 e4 46. Kf2 Ke6 47. Bd2 Kd5 48. Bb4 Kd4 49. Bc3+ Kd3 50. Ke1 Ke3 51. Bg7 Kxf4 52. Kf2 e3+ 53. Ke1 Ke4 54. Bh6 f4 0-1

[Event "Early-Titled-Tuesday-Blitz-May-14-2024"]
[Site "Chess.com"]
[Date "2024.05.14"]
[Round "10"]
[White "emeli_chess"]
[Black "rhwr"]
[Result "1-0"]
[WhiteElo "2427"]
[BlackElo "2321"]
[TimeControl "180+1"]
[EndTime "9:58:07 PDT"]
[Termination "emeli_chess won by resignation"]

1. d4 c5 2. d5 Nf6 3. c4 e5 4. Nc3 d6 5. e4 g6 6. h3 Bg7 7. Nf3 O-O 8. Be2 a6 9. O-O Nbd7 10. a3 Ne8 11. b4 b6 12. Rb1 f5 13.
Ng5 Ndf6 14. exf5 gxf5 15. bxc5 bxc5 16. Ne6 Bxe6 17. dxe6 Nc7 18. Rb6 Nfe8 19. Bf3 e4 20.
Nxe4 fxe4 21. Bxe4 Rb8 22. e7 Qxe7 23. Bd5+ Nxd5 24. Qxd5+ Kh8 25. Rxb8 Bd4 26. Bb2 Bxb2 27. Rxb2 Nf6 28. Qd3 Qg7 29. Re2 Rg8 30. g3 Nh5 31.
Kh2 Nf4 32. Qf3 Nxe2 33. Qxe2 Qd4 34. Rd1 Qf6 35. Kg2 Rf8 36. Rd3 Qg7 37. Rf3 Rg8 38. Qe3 a5 39. Qc3 a4 40. Qxg7+ Kxg7 41. Rd3 Rd8 42. f4 Kf6 43. Kf3 Ke6 44. Ke4 Rb8 45. f5+ Ke7 46. Ke3 h5 47. g4 hxg4 48. hxg4 Rb2 49. Kf4 Rb3 50. Re3+ Kf7 51. g5 Rb1 52.
g6+ Kf8 53. Kg5 Rg1+ 54. Kf6 Rf1 55. g7+ 1-0

[Event "Early-Titled-Tuesday-Blitz-May-14-2024"]
[Site "Chess.com"]
[Date "2024.05.14"]
[Round "10"]
[White "Mandaloriana19"]
[Black "Arteler"]
[Result "0-1"]
[WhiteElo "2411"]
[BlackElo "2233"]
[TimeControl "180+1"]
[EndTime "9:58:09 PDT"]
[Termination "Arteler won by checkmate"]

1. b3 e5 2. Bb2 Nc6 3. e3 d6 4.
Bb5 Bd7 5. Nf3 Nf6 6. O-O Be7 7. d4 exd4 8. exd4 O-O 9. Nbd2 a6 10. Bd3 Nb4 11.
Bc4 b5 12. Be2 Re8 13. Re1 Bf8 14. g3 Bc6 15. c4 Qd7 16. a3 Rxe2 17. Rxe2 Nd3 18.
Bc3 Qg4 19. d5 Bd7 20. Re3 Nc5 21. Nd4 Qh3 22. Qf1 Qh5 23. b4 Ng4 24. N2f3 Nxe3 25. fxe3 Na4 26. Bd2 Re8 27. cxb5 axb5 28. Nxb5 Bh3 29.
Qf2 Re7 30. Nfd4 Qxd5 31. Nc3 Qh5 32. Nxa4 c5 33. bxc5 dxc5 34. Nf3 Bg4 35. Ne1 Qe5 36. Nc3 g6 37. Nd3 Qd6 38. Nf4 Bg7 39. Rc1 Rd7 40.
Be1 Re7 41. Qd2 Qe5 42. Bf2 Qf6 43. Ncd5 Rd7 44. Ne7+ Qxe7 45. Qa5 Rd8 46. h3 Bf5 47. Qxc5 Rd1+ 48. Kg2 Qe4+ 49. Kh2 Qh1# 0-1

[Event "Early-Titled-Tuesday-Blitz-May-14-2024"]
[Site "Chess.com"]
[Date "2024.05.14"]
[Round "10"]
[White "vovachesss"]
[Black "xasid81"]
[Result "1-0"]
[WhiteElo "2826"]
[BlackElo "2613"]
[TimeControl "180+1"]
[EndTime "9:58:10 PDT"]
[Termination "vovachesss won by resignation"]

1. d4 d5 2. c4 c6 3. Nf3 Nf6 4. Nbd2 e6 5. Qc2 Nbd7 6. e4 dxe4 7. Nxe4 Nxe4 8. Qxe4 Bb4+ 9. Bd2 Qa5 10. Bd3 Nf6 11. Qe3 Bxd2+ 12. Nxd2 b6 13. O-O Bb7 14. c5 Nd5 15. Qg5 h6 16. Qxg7 Qxd2 17. Qxh8+ Ke7 18.
Qe5 Qxd3 19. Qd6+ Ke8 20. Rad1 Qg6 21. Rfe1 Rd8 22. Qe5 Qg5 23. g3 Qxe5 24. dxe5 bxc5 25. f4 c4 26. Kf2 Nb4 27. Rxd8+ Kxd8 28. Rd1+ Kc7 29.
g4 c5 30. h4 Nd3+ 31. Ke3 Nxb2 32. Rc1 Bd5 33. h5 Nd3 34. Rg1 Kd7 35. g5 hxg5 36. Rxg5 Nb4 37. h6 c3 38. h7 c2 39. Rg1 Nxa2 40. Kd2 Be4 41. h8=Q c4 42. Qg7 c3+ 43. Ke3 Bg6 44. f5 exf5 45. Qf6 f4+ 46. Kxf4 c1=Q+ 47. Rxc1 Nxc1 48. Qd6+ Ke8 49. Kg5 Ne2 50. Kf6 1-0

[Event "Early-Titled-Tuesday-Blitz-May-14-2024"]
[Site "Chess.com"]
[Date "2024.05.14"]
[Round "10"]
[White "RojonR"]
[Black "lamomiajunior"]
[Result "0-1"]
[WhiteElo "2618"]
[BlackElo "2767"]
[TimeControl "180+1"]
[EndTime "9:58:11 PDT"]
[Termination "lamomiajunior won on time"]

1. e4 c5 2. Nf3 d6 3. d4 cxd4 4. Qxd4 Nc6 5. Bb5 Bd7 6. Bxc6 Bxc6 7. Nc3 e6 8. Bg5 Nf6 9. O-O-O Be7 10. Qd3 O-O 11.
Nd4 Rc8 12. f4 a6 13. h4 Bd7 14. Kb1 Qc7 15. g4 b5 16. Nce2 Rfe8 17. Bxf6 Bxf6 18. g5 Bxd4 19. Nxd4 e5 20. Ne2 Bg4 21. f5 d5 22.
Rhg1 dxe4 23. Qxe4 Bxe2 24. Qxe2 e4 25. g6 fxg6 26. fxg6 h6 27. Rgf1 Qg3 28. h5 Re7 29. Rd4 e3 30. Rdf4 Rd8 31. a3 Qg5 32. Rf5 Qg3 33.
R5f4 Ree8 34. a4 Rd2 35. Qe1 Qh2 36. Qxe3 Rdd8 37. Qb3+ Kh8 38. axb5 axb5 39. Rf7 Qxh5 40. Qe6 Qc5 41. Qb3 Ra8 42. Rxg7 Qc4 43. Rh7+ Kg8 44. Qxc4+ bxc4 45. Rxh6 Re7 46. Rh4 Rea7 47. Kc1 Ra1+ 48. Kd2 Rxf1 49. Rxc4 Rf6 50. Kc3 Rxg6 51. b3 Rg3+ 52.
Kb2 Kf7 53. Rc7+ Ke6 54. Rc4 Kd5 55. Rc7 Ra6 56. Rd7+ Rd6 57. Rh7 Rg2 58. Rh5+ Kc6 59. Rh3 Kb6 60. Rc3 Rc6 61. Rxc6+ Kxc6 0-1

[Event "Early-Titled-Tuesday-Blitz-May-14-2024"]
[Site "Chess.com"]
[Date "2024.05.14"]
[Round "10"]
[White "Darko-Dimitrijevic"]
[Black "EvgenyBurmakin"]
[Result "0-1"]
[WhiteElo "2196"]
[BlackElo "2312"]
[TimeControl "180+1"]
[EndTime "9:58:11 PDT"]
[Termination "EvgenyBurmakin won on time"]

1. e4 c5 2. b3 Nc6 3. Bb2 e5 4. Nf3 d6 5. Bc4 Be6 6. O-O Bxc4 7. bxc4 Qd7 8. d3 f5 9. Nc3 Nf6 10. exf5 Qxf5 11. Nd5 Rc8 12. Re1 Be7 13. a4 O-O 14. a5 a6 15. Nxf6+ Bxf6 16. Re2 Rce8 17. Rb1 Bd8 18.
Ba1 Qg6 19. Re4 Rf7 20. Bc3 Bxa5 21. Bxa5 Nxa5 22. Rb6 Nc6 23. c3 Ref8 24. Re3 h6 25. Kf1 Qe6 26. Qb1 Qd7 27. Qb3 Nd8 28. d4 exd4 29.
cxd4 Ne6 30. dxc5 Nxc5 31. Qd1 Rf6 32. Qd4 a5 33. h3 a4 34. Kg1 Qc7 35. Qd5+ Kh8 36.
Rb2 Qa5 37. Kh2 a3 38. Ra2 Qb4 39. Rexa3 Rf4 40. Qxd6 Qxc4 41. Rd2 Ne4 42. Rd4 Nxd6 43. Rxc4 Nxc4 44. Rc3 b5 45. Kg3 b4 46. Rb3 Nd6 47. Rb2 Ne4+ 0-1

[Event "Early-Titled-Tuesday-Blitz-May-14-2024"]
[Site "Chess.com"]
[Date "2024.05.14"]
[Round "10"]
[White "czechbul17"]
[Black "Aygehovit1992"]
[Result "1-0"]
[WhiteElo "2271"]
[BlackElo "2847"]
[TimeControl "180+1"]
[EndTime "9:58:12 PDT"]
[Termination "czechbul17 won on time"]

1. d4 Nf6 2. c4 g6 3. Nc3 Bg7 4.
e4 d6 5. f4 O-O 6. Nf3 Bg4 7. h3 Bxf3 8. Qxf3 Nc6 9. Be3 e5 10.
dxe5 dxe5 11. f5 Nd4 12. Qf2 c5 13. g4 Qa5 14. Bg2 Rfd8 15. O-O Rd7 16. g5 Nh5 17. Nd5 b5 18. cxb5 Qxb5 19. f6 Bf8 20. Rfe1 c4 21. a4 Qb3 22. Rac1 Qxa4 23. Bxd4 exd4 24.
Qxd4 Rc8 25. Kh1 Qb3 26. Ne7+ Rxe7 27. fxe7 Bxe7 28. Qd7 Ng3+ 29. Kh2 Qb8 30. e5 Bxg5 31. Ra1 Rc7 32. Qg4 Bd2 33. Qxg3 Bxe1 34. Rxe1 Re7 35. Re2 Qc7 36. h4 a5 37. h5 a4 38. h6 Re6 39.
Bd5 Re7 40. Qf4 Qb6 41. Qxc4 Rc7 42. Qf4 Qb5 43. Rd2 Qc5 44. e6 Kf8 45. Qf6 Qd6+ 46. Kg2 1-0

[Event "Early-Titled-Tuesday-Blitz-May-14-2024"]
[Site "Chess.com"]
[Date "2024.05.14"]
[Round "10"]
[White "ReadySkate"]
[Black "slorovel"]
[Result "1-0"]
[WhiteElo "2740"]
[BlackElo "2566"]
[TimeControl "180+1"]
[EndTime "9:58:12 PDT"]
[Termination "ReadySkate won by resignation"]

1. d4 Nf6 2. c4 g6 3. Nc3 Bg7 4.
e4 d6 5. Be2 O-O 6. Bg5 Nc6 7.
d5 Ne5 8. Nf3 Nxf3+ 9. Bxf3 c6 10. O-O cxd5 11. cxd5 b5 12. Nxb5 Ba6 13. a4 Rb8 14.
Qd3 Nd7 15. Qe2 Nc5 16. Qe3 Bxb5 17. axb5 Rxb5 18. Rxa7 Re8 19. h4 Rxb2 20. h5 Rb3 21. Qc1 Bd4 22. Qc4 Bf6 23. Be3 Qb6 24. Ra2 Rb1 25.
Rc2 Rxf1+ 26. Qxf1 Qb3 27. Qc4 Qxc4 28. Rxc4 Rc8 29. Bg4 Rc7 30. f4 gxh5 31. Bh3 Na6 32. Ra4 Nc5 33. Rb4 Nd3 34. Rb3 Nc5 35. Rb8+ Kg7 36.
Rb4 Nd3 37. Ra4 Nc5 38. Rc4 Na6 39. Rxc7 Nxc7 40. Kf2 Nb5 41. Ke2 Bd4 42. Bd2 Bf6 43. Kd3 h4 44. Bd7 Nd4 45. Bc3 Nb3 46. Bb4 Nd4 47.
e5 dxe5 48. fxe5 Bxe5 49. Bc3 Kf6 50. Bxd4 Bxd4 51. Kxd4 e6 52. d6 h5 53. Bc6 h3 54.
gxh3 h4 55. Be4 e5+ 56. Kd5 1-0

[Event "Early-Titled-Tuesday-Blitz-May-14-2024"]
[Site "Chess.com"]
[Date "2024.05.14"]
[Round "10"]
[White "wonderfultime"]
[Black "Hikaru"]
[Result "0-1"]
[WhiteElo "3064"]
[BlackElo "3231"]
[TimeControl "180+1"]
[EndTime "9:58:13 PDT"]
[Termination "Hikaru won by resignation"]

1. d4 g6 2. e4 Bg7 3. c3 d6 4. Nf3 Nf6 5. Bd3 Nc6 6. h3 e5 7.
O-O O-O 8. Re1 Re8 9. dxe5 dxe5 10. Na3 a5 11. Nc4 a4 12. Bg5 h6 13. Bxf6 Qxf6 14.
Ne3 a3 15. b4 Ne7 16. Bc4 h5 17. Qe2 c6 18. Rad1 Bh6 19. Bb3 b5 20. Rd3 Be6 21.
Bxe6 Qxe6 22. Red1 Nc8 23. h4 Nb6 24. Rd6 Qc8 25.
Nf5 Bf8 26. Ng5 Bxd6 27. Rxd6 Nc4 28. Rf6 Ra7 29. Nxf7 Re6 30. N5h6+ Kg7 31. Rf3 Rd7 32. Ng5 Red6 33. Nf5+ gxf5 34. Rxf5 Rh6 35. Qf3 Qe8 36. Qg3 Rg6 37. Qf3 Rh6 38. Qg3 Kh8 39. Qf3 Kg8 40.
Qg3 Rg7 41. f4 Re6 42. fxe5 Rxe5 43. Rf4 Rexg5 44. hxg5 Qe5 45. Qf3 Qxg5 46. Rf8+ Kh7 47. Rf5 Qe3+ 48. Qxe3 Nxe3 49. Rxh5+ Kg8 50. Rc5 Rxg2+ 0-1

[Event "Early-Titled-Tuesday-Blitz-May-14-2024"]
[Site "Chess.com"]
[Date "2024.05.14"]
[Round "10"]
[White "NovoselovRoman"]
[Black "FXDon77"]
[Result "0-1"]
[WhiteElo "2655"]
[BlackElo "2865"]
[TimeControl "180+1"]
[EndTime "9:58:13 PDT"]
[Termination "FXDon77 won by resignation"]

1. e4 c5 2. Nc3 Nc6 3. g3 g6 4.
Bg2 Bg7 5. d3 e6 6. Be3 d6 7.
Qd2 Nd4 8. Nf3 Ne7 9. O-O Nec6 10. Nd1 O-O 11. c3 Nxf3+ 12. Bxf3 Rb8 13. Bh6 b5 14.
Bxg7 Kxg7 15. Ne3 Bb7 16. d4 cxd4 17. cxd4 Qf6 18. Bg2 Qxd4 19. Qc1 Ne5 20. Rd1 Qc5 21.
Qd2 Rfd8 22. Rac1 Qb6 23. b3 h5 24. h3 a5 25. Kh2 Kg8 26. f4 Nc6 27. g4 h4 28. g5 d5 29. exd5 Ne7 30. d6 Bxg2 31. Kxg2 Rd7 32. Ng4 Nd5 33. Qe1 Rxd6 34. Qxh4 Nxf4+ 35. Kf3 Nh5 36. Nf6+ Nxf6 37. gxf6 Rxd1 38. Rxd1 Qc5 39.
Rd4 Rc8 40. Qh6 Qf5+ 41. Rf4 Rc3+ 42. Kg2 Qd5+ 43. Kh2 Qd2+ 44. Kg1 Rc1+ 45. Rf1 Rxf1+ 46. Kxf1 Qxh6 0-1

[Event "Early-Titled-Tuesday-Blitz-May-14-2024"]
[Site "Chess.com"]
[Date "2024.05.14"]
[Round "10"]
[White "Byniolus"]
[Black "Baronessa08"]
[Result "0-1"]
[WhiteElo "2787"]
[BlackElo "2608"]
[TimeControl "180+1"]
[EndTime "9:58:13 PDT"]
[Termination "Baronessa08 won on time"]

1. b4 d5 2. Bb2 Bg4 3. h3 Bh5 4. c4 e6 5. a3 Nf6 6. Nf3 Bxf3 7. gxf3 dxc4 8. e3 b5 9. Nc3 c6 10. f4 Nbd7 11. Bg2 Rc8 12. Qc2 Nb6 13. Rg1 g6 14. a4 a6 15. axb5 axb5 16. Ra6 Bg7 17. Ne4 Nbd5 18. Bc3 O-O 19. Nc5 Nxc3 20. dxc3 Nd5 21. Bxd5 exd5 22. f5 Ra8 23. fxg6 hxg6 24. Rxa8 Qxa8 25. Ke2 Qc8 26. Rg3 Re8 27. Kf1 Qa8 28. Kg2 Qa1 29. e4 d4 30. cxd4 Qxd4 31. h4 c3 32. h5 Qxb4 33. hxg6 fxg6 34. Rg5 Qb2 35. Qd3 c2 36. Qd7 Kf8 37. Rg3 c1=Q 38. Rf3+ Bf6 39. Nd3 Qd1 40. e5 Qxf3+ 41. Kxf3 Bxe5 42. Qxc6 Qd4 43. Qxg6 Qd5+ 44. Kg4 Bg7 45. Nf4 Qe4 46. Qg5 Re7 47. Qxb5 Rf7 48. Qf5 Qxf5+ 0-1

[Event "Early-Titled-Tuesday-Blitz-May-14-2024"]
[Site "Chess.com"]
[Date "2024.05.14"]
[Round "10"]
[White "chess_sharparchitect"]
[Black "bubeliang"]
[Result "0-1"]
[WhiteElo "2346"]
[BlackElo "2812"]
[TimeControl "180+1"]
[EndTime "9:58:13 PDT"]
[Termination "bubeliang won on time"]

1. c4 e6 2. e4 d5 3. exd5 exd5 4.
cxd5 Nf6 5. Nc3 Be7 6. Nf3 O-O 7. Bc4 Nbd7 8. O-O Nb6 9. Qb3 Nxc4 10. Qxc4 b6 11. Ne5 Bd6 12. Nc6 Qd7 13. d3 Bb7 14. Bg5 Nxd5 15. Nxd5 Bxc6 16. Ne3 Rfe8 17. Rad1 Bb7 18. Rfe1 Rac8 19. Bh4 Bf8 20. Bg3 h6 21. d4 Ba8 22. a3 c6 23. Be5 Rcd8 24. h3 Qe6 25. Qc3 f6 26. Bg3 Qf7 27. Nf5 Kh7 28. Qd3 Qg6 29. Re3 Rxe3 30. fxe3 Re8 31. e4 c5 32. d5 Rd8 33. Qf3 Bb7 34. Re1 Bc8 35.
Nh4 Qf7 36. Bf2 Kg8 37. Nf5 Bxf5 38. Qxf5 Qd7 39. Qf3 Bd6 40. Bg3 Qe7 41. Bf4 Be5 42.
b4 Bd4+ 43. Kh1 cxb4 44. axb4 Qxb4 45. d6 Qxe1+ 46. Kh2 Bg1+ 47. Kh1 Bf2+ 0-1

[Event "Early-Titled-Tuesday-Blitz-May-14-2024"]
[Site "Chess.com"]
[Date "2024.05.14"]
[Round "10"]
[White "Nasrin_Babayeva"]
[Black "campochess"]
[Result "1-0"]
[WhiteElo "1977"]
[BlackElo "2097"]
[TimeControl "180+1"]
[EndTime "9:58:14 PDT"]
[Termination "Nasrin_Babayeva won on time"]

1. c4 e6 2. g3 c6 3. Bg2 d5 4. Nf3 Nf6 5. b3 Be7 6. Bb2 Nbd7 7. d4 O-O 8. O-O Ne4 9. e3 f5 10. Nc3 Ndf6 11. Ne5 Nxc3 12. Bxc3 Nd7 13. Nxd7 Bxd7 14.
f3 b5 15. c5 a5 16. a3 Bf6 17.
e4 Be8 18. e5 Be7 19. f4 Kh8 20. b4 axb4 21. axb4 Rxa1 22. Qxa1 Bh5 23. Rf2 g5 24.
Bd2 g4 25. Be1 Bg6 26. Ra2 h5 27. Ra7 h4 28. Qa6 hxg3 29. Bxg3 Be8 30. Qb7 Rf7 31. Ra8 Qxa8 32. Qxa8 Rf8 33. Bf1 Kg7 34. h3 Bh5 35. Qxc6 gxh3 36. Bxh3 Bf7 37. Qxb5 Rh8 38. Kg2 Rg8 39. Qd7 Re8 40. b5 Kf8 41. b6 Rd8 42.
Qc7 Ra8 43. b7 Ra2+ 44. Bf2 Rb2 45. b8=Q+ Rxb8 46. Qxb8+ Kg7 47. c6 1-0

[Event "Early-Titled-Tuesday-Blitz-May-14-2024"]
[Site "Chess.com"]
[Date "2024.05.14"]
[Round "10"]
[White "Carolinamazariegos88"]
[Black "Ariadna_Atreides"]
[Result "1-0"]
[WhiteElo "1711"]
[BlackElo "2201"]
[TimeControl "180+1"]
[EndTime "9:58:18 PDT"]
[Termination "Carolinamazariegos88 won on time"]

1. c4 e5 2. Nc3 Bb4 3. g3 Ne7 4. Bg2 O-O 5. e3 d6 6. Nge2 a5 7. O-O Nbc6 8. d4 exd4 9. exd4 Bg4 10. h3 Bxe2 11. Nxe2 a4 12. a3 Ba5 13. Qxa4 Bd2 14. Qd1 Bxc1 15. Rxc1 Re8 16. Nf4 Nf5 17. d5 Ne5 18. Nd3 Nd4 19. Nxe5 dxe5 20. Re1 c5 21. Qd3 Qd6 22. Be4 g6 23. g4 Kh8 24. Qg3 f5 25. Bb1 f4 26. Qd3 f3 27. Re3 Ne2+ 28. Rxe2 fxe2 29.
Qxe2 Qf6 30. Be4 Qf4 31. Rc3 Rf8 32. Kg2 b6 33. Rf3 Qg5 34. Rxf8+ Rxf8 35. b4 h5 36. bxc5 bxc5 37. a4 hxg4 38. Qxg4 Qxg4+ 39. hxg4 Rd8 40. Kf3 Kg7 41. g5 Kf7 42. Kg4 Rd6 43. f3 Ra6 44. Bc2 Ke7 45. f4 exf4 46. Kxf4 Kd6 47.
Bxg6 Rxa4 48. Bd3 Ra3 49. Ke4 Ra1 50. g6 Rg1 51. Kf5 Rg2 52. Kf6 1-0

[Event "Early-Titled-Tuesday-Blitz-May-14-2024"]
[Site "Chess.com"]
[Date "2024.05.14"]
[Round "10"]
[White "Ginger_GM"]
[Black "MyDream003"]
[Result "0-1"]
[WhiteElo "2676"]
[BlackElo "2847"]
[TimeControl "180+1"]
[EndTime "9:58:19 PDT"]
[Termination "MyDream003 won by checkmate"]

1. c4 c5 2. Nc3 Nf6 3. g3 Nc6 4. Bg2 g6 5. e4 Bg7 6. Nge2 O-O 7.
O-O d6 8. d3 a6 9. h3 Rb8 10.
a4 Ne8 11. Be3 Nd4 12. Rb1 a5 13. Nb5 Nxe2+ 14. Qxe2 Nc7 15. f4 Bd7 16. g4 Bxb5 17. axb5 Ne6 18. f5 Nd4 19. Qf2 Be5 20. h4 Kh8 21. g5 f6 22. h5 fxg5 23. hxg6 hxg6 24.
Bxg5 Kg7 25. Bh3 Rh8 26. Kg2 gxf5 27. Rh1 fxe4 28. Bg4 Qc7 29. Qe3 Rbg8 30. Bh6+ Kf7 31. Qxe4 Ke8 32. Rh4 e6 33. Kh3 Qe7 34. Rg1 Kd8 35.
b6 Bf6 36. Rh5 Bg7 37. Bxg7 Qxg7 38. Rxh8 Rxh8+ 39. Kg2 Rg8 40. Kg3 Kc8 41. Rh1 Kb8 42. Rh7 Nf5+ 43. Kf3 Qxh7 44. Qxe6 Qg7 45. Bxf5 Rf8 46.
Ke4 Rd8 47. Kd5 Qd4# 0-1

[Event "Early-Titled-Tuesday-Blitz-May-14-2024"]
[Site "Chess.com"]
[Date "2024.05.14"]
[Round "10"]
[White "rollercoaster29"]
[Black "PawnEatingZombie"]
[Result "1-0"]
[WhiteElo "2456"]
[BlackElo "2294"]
[TimeControl "180+1"]
[EndTime "9:58:19 PDT"]
[Termination "rollercoaster29 won on time"]

1. d4 Nf6 2. Bf4 g6 3. e3 Bg7 4. Nf3 c5 5. d5 d6 6. Nc3 Na6 7. h3 Nc7 8. a4 a6 9. e4 Nd7 10. a5 Rb8 11. Nd2 O-O 12. Nc4 b5 13. axb6 Nxb6 14. Ne3 Bd7 15. h4 Nb5 16. Nxb5 axb5 17. Qc1 Na4 18. c3 b4 19. Nd1 Nxb2 20. Qxb2 bxc3 21.
Qc2 Qb6 22. Nxc3 Qb3 23. Qxb3 Rxb3 24. Bd2 Bxc3 25. Bxc3 Rxc3 26. Kd2 Rb3 27. Ra7 Rd8 28. h5 g5 29. h6 f6 30. Bc4 Rb2+ 31. Ke3 Kf7 32. g3 Be8 33. f4 gxf4+ 34. gxf4 Rdb8 35. Raa1 Rg2 36. Rag1 Rbb2 37. Rxg2 Rxg2 38. Bf1 Rg3+ 39. Kf2 Ra3 40. Bh3 c4 41. Be6+ Kf8 42. Bf5 Ra2+ 43.
Ke3 c3 44. Bxh7 Bb5 45. Bf5 Re2+ 46. Kf3 c2 47. h7 1-0

[Event "Early-Titled-Tuesday-Blitz-May-14-2024"]
[Site "Chess.com"]
[Date "2024.05.14"]
[Round "10"]
[White "jefferyx"]
[Black "DominguezOnYoutube"]
[Result "1/2-1/2"]
[WhiteElo "3087"]
[BlackElo "3031"]
[TimeControl "180+1"]
[EndTime "9:58:20 PDT"]
[Termination "Game drawn by repetition"]

1. e4 e5 2. Nf3 Nc6 3. Bc4 Bc5 4.
c3 Nf6 5. d4 exd4 6. e5 d5 7.
Be2 Ne4 8. cxd4 Bb4+ 9. Bd2 Nxd2 10. Nbxd2 O-O 11. O-O f6 12. Nb3 Re8 13. a3 Bf8 14. exf6 Qxf6 15. Rc1 Bd6 16. Re1 Ne7 17. Nc5 Ng6 18.
Rc3 c6 19. b4 Rb8 20. Bf1 Rf8 21. h3 Bf5 22. Rce3 Nf4 23. Ne5 Bxe5 24. dxe5 Qe7 25.
Qd4 Ne6 26. Nxe6 Bxe6 27. f4 b6 28. Rf3 c5 29. bxc5 bxc5 30. Qf2 g6 31. g4 d4 32. f5 Bd5 33. f6 Qe6 34. Rg3 Rbe8 35. Rc1 Qb6 36. Qf4 c4 37. Bxc4 d3+ 38. Kh2 Rd8 39.
Bxd5+ Rxd5 40. Rg2 Rfd8 41. Qc4 Kh8 42. f7 Qe6 43.
Qf4 Qxe5 44. Qxe5+ Rxe5 45. Rd1 Rf8 46. Rxd3 Rxf7 47. g5 Kg7 48. h4 h6 49. gxh6+ Kxh6 50. Rdg3 Rf6 51. Kh3 Re4 52. Rg4 Re3+ 53. R2g3 Re5 54.
Rg5 Re4 55. R5g4 Re5 56. Rg5 Re4 57. R5g4 Re5 1/2-1/2

[Event "Early-Titled-Tuesday-Blitz-May-14-2024"]
[Site "Chess.com"]
[Date "2024.05.14"]
[Round "10"]
[White "LangesNasenhaar"]
[Black "lefonghua"]
[Result "1-0"]
[WhiteElo "2488"]
[BlackElo "2585"]
[TimeControl "180+1"]
[EndTime "9:58:20 PDT"]
[Termination "LangesNasenhaar won on time"]

1. d4 Nf6 2. Nf3 g6 3. Bf4 Bg7 4. e3 O-O 5. h3 d6 6. Be2 b6 7. O-O c5 8. c3 Bb7 9. a4 a6 10. Nbd2 Nbd7 11. Bh2 Ra7 12. Re1 Qa8 13. Qb3 Ne4 14.
Bf1 Bc6 15. Nxe4 Bxe4 16. Nd2 Bc6 17. Nc4 Rb8 18. Qd1 Bd5 19. Nd2 cxd4 20. exd4 Nf6 21. Nc4 Rc7 22. Ne3 Be6 23. Be2 Qb7 24. Qd3 b5 25. Bf3 Qc8 26. d5 Bd7 27. a5 b4 28.
c4 b3 29. Rac1 Rc5 30. Nf1 Qd8 31. Nd2 Rxa5 32. Nxb3 Ra2 33. Nd4 Rbxb2 34. Nc6 Bxc6 35. dxc6 Ne8 36. Qe3 Bf6 37. c5 Rc2 38. cxd6 Nxd6 39.
Qd3 Rxc1 40. Rxc1 Qc7 41. Qb3 Ra1 42. Rxa1 Bxa1 43. Qb7 Nxb7 44. Bxc7 Nc5 45. Bd8 Ne6 46. c7 Nxc7 47. Bxc7 Bc3 48. Kf1 Kg7 49. Ke2 Kf6 50. Bb6 e5 51. Kd3 Be1 52. Bd5 Ke7 53. f3 f5 54. Kc4 1-0

[Event "Early-Titled-Tuesday-Blitz-May-14-2024"]
[Site "Chess.com"]
[Date "2024.05.14"]
[Round "10"]
[White "lagunanivaria"]
[Black "invisible_s0ul"]
[Result "0-1"]
[WhiteElo "2513"]
[BlackElo "2349"]
[TimeControl "180+1"]
[EndTime "9:58:20 PDT"]
[Termination "invisible_s0ul won by resignation"]

1. h3 e5 2. c3 d5 3. d4 Nc6 4.
dxe5 Nxe5 5. Nf3 Nxf3+ 6. exf3 Nf6 7. Bd3 Bd6 8. O-O O-O 9. Be3 c5 10. Na3 Be6 11. Re1 a6 12. Nc2 h6 13. Qd2 Qc7 14. Rad1 Rfd8 15. Bxh6 gxh6 16. Qxh6 Bh2+ 17. Kh1 Qf4 18.
Qxf4 Bxf4 19. Ne3 b5 20. Nf5 Bxf5 21. Bxf5 Re8 22. g3 Bc7 23. Bd7 Rxe1+ 24. Rxe1 Rd8 25. Bc6 Rd6 26. Bb7 Re6 27. Rxe6 fxe6 28. Bxa6 b4 29.
cxb4 cxb4 30. Kg2 Kf7 31. a3 bxa3 32. bxa3 Bd6 33. a4 Bb4 34. h4 d4 35. f4 Nd5 36.
Kf3 Nc3 37. Bb5 Be7 38. Bc6 Kg6 39. a5 Bc5 40. a6 d3 41. h5+ Kxh5 42. Kg2 d2 43.
Bf3+ Kg6 44. g4 d1=Q 45. Bxd1 Nxd1 46. f3 Nc3 47. Kf1 Nd5 48. Ke2 Nxf4+ 49. Kd2 Nd5 50. Kc2 Nb4+ 51. Kc3 Nxa6 52. Kc4 Be3 53. Kd3 Bf4 54. Ke4 e5 55. Kd5 Nb4+ 56. Kc4 Nc2 57. Kd3 Ne1+ 58. Ke4 Ng2 59. Kd3 Kg5 60. Ke4 Nh4 61.
Kd5 Nxf3 62. Ke4 Kxg4 0-1

[Event "Early-Titled-Tuesday-Blitz-May-14-2024"]
[Site "Chess.com"]
[Date "2024.05.14"]
[Round "10"]
[White "Alexchess1984"]
[Black "emiliocordova"]
[Result "0-1"]
[WhiteElo "2711"]
[BlackElo "2909"]
[TimeControl "180+1"]
[EndTime "9:58:21 PDT"]
[Termination "emiliocordova won by resignation"]

1. e4 c5 2. c3 d5 3. exd5 Qxd5 4. d4 Nc6 5. Nf3 Nf6 6. Be3 cxd4 7. cxd4 e6 8. a3 Be7 9. Nc3 Qd6 10. Bd3 O-O 11. Qc2 h6 12. Rd1 Bd7 13. O-O Rac8 14. Qd2 Bd8 15. Bf4 Qe7 16. Rfe1 Bc7 17. Bxh6 Ng4 18.
Nd5 Qd6 19. Nxc7 Nxh6 20. Nb5 Qb8 21. Bb1 Rfd8 22. Qd3 g6 23. h3 Be8 24. Qe3 Kg7 25. Nc3 Ne7 26. Ne5 Nhf5 27. Bxf5 Nxf5 28. Qe4 Rd6 29. g4 Ne7 30. Qf4 f6 31. Ne4 Nd5 32. Qg3 Rdd8 33. Nf3 Qxg3+ 34. Nxg3 Ba4 35. Rc1 Kf7 36.
g5 Nf4 37. gxf6 Kxf6 38. Ne4+ Ke7 39. Nc5 Bc6 40. Rxe6+ Nxe6 41. Re1 Bxf3 42. Nxe6 Re8 43. Ng5+ Kd7 44. Rxe8 Rxe8 45. Nxf3 Re2 46. Ne5+ Ke6 47.
Nxg6 Rxb2 48. h4 Kf6 49. Ne5 Rb3 50. Kg2 Rxa3 51. h5 b5 52. h6 b4 53. d5 Ra5 54. d6 Rxe5 55. d7 Rd5 56. h7 Kg7 57. h8=Q+ Kxh8 0-1